 Dungeon Crawl Stone Soup version 0.29-a0-369-gd956c00756 (webtiles) character file.

Game seed: 5049211818995929661

11027 experimilk the Basher (level 11, -4/86 HPs)
             Began as a Palentonga Fighter on May 1, 2022.
             Was a Believer of Qazlal.
             Slain by Snorg (5 damage)
             ... on level 10 of the Dungeon.
             The game lasted 00:42:02 (14129 turns).

experimilk the Basher (Palentonga Fighter)         Turns: 14129, Time: 00:42:03

Health: -4/86      AC: 28    Str: 30    XL:     11   Next: 43%
Magic:  17/17      EV:  5    Int:  8    God:    Qazlal [**....]
Gold:   526        SH: 16    Dex: 10    Spells: 10/10 levels left

rFire   + . .      SeeInvis +   a - +0 flail (protect)
rCold   . . .      Faith    .   O - +0 kite shield
rNeg    . . .      Spirit   .   z - +0 chain mail of Sitirr {rF+}
rPois   +          Reflect  +   F - +2 helmet
rElec   .          Harm     .   w - +0 cloak
rCorr   .          Rampage  .   s - +0 pair of gloves
Will    .....                   (no barding)
Stlth   ..........              A - amulet of reflection
HPRegen 0.24/turn               u - +6 ring of strength
MPRegen 0.15/turn               B - ring of poison resistance

@: under a protective aura, hasted, curled up, very quick
A: large, rugged brown scales 3, see invisible, deformed body, roll 1, armoured
tail, reflexive curl
a: Rolling Charge, Renounce Religion, Upheaval


You were on level 10 of the Dungeon.
You worshipped Qazlal.
Qazlal was pleased with you.
You visited 2 branches of the dungeon, and saw 11 of its levels.

You collected 526 gold pieces.

Inventory:

Hand Weapons
 a - a +0 flail of protection (weapon)
 k - a +0 morningstar
 y - a +2 whip of electrocution
Armour
 b - a +0 scale mail
 c - a +0 buckler
 s - a +0 pair of gloves (worn)
 v - a +0 ring mail
 w - a +0 cloak (worn)
 z - the +0 chain mail of Sitirr (worn) {rF+}
   (You found it on level 9 of the Dungeon)

   rF:        It protects you from fire.
 E - a +0 plate armour
 F - a +2 helmet (worn)
 O - a +0 kite shield (worn)
Jewellery
 m - an amulet of the acrobat
 u - a +6 ring of strength (left hand)
 A - an amulet of reflection (around neck)
 B - a ring of poison resistance (right hand)
 C - a ring of protection from fire
 J - a ring of resist corrosion
 R - a +4 ring of protection
Wands
 e - a wand of flame (41)
 t - a wand of charming (8)
 K - a wand of iceblast (15)
 N - a wand of digging (4)
Scrolls
 g - a scroll of amnesia
 h - 4 scrolls of teleportation
 i - a scroll of holy word {unknown}
 j - 2 scrolls of immolation
 l - 2 scrolls of magic mapping
 x - 2 scrolls of fear
 D - a scroll of silence {unknown}
 G - a scroll of vulnerability {unknown}
 L - a scroll of fog {unknown}
 M - a scroll of acquirement {unknown}
 P - a scroll of enchant weapon {unknown}
 Q - a scroll of enchant armour {unknown}
Potions
 d - 2 potions of mutation
 f - a potion of curing
 n - 2 potions of flight
 o - 4 potions of brilliance
 p - a potion of resistance
 q - 2 potions of attraction {unknown}
 r - a potion of haste
 H - 2 potions of ambrosia {unknown}
 I - a potion of might


   Skills:
 + Level 5.6 Fighting
 - Level 14.0 Maces & Flails
 + Level 4.6 Armour
 + Level 4.7 Shields
 * Level 9.1 Invocations


You had 10 spell levels left.
You didn't know any spells.
Your spell library contained the following spells:

 Spells                   Type           Power      Damage    Failure   Level
 Apportation              Tloc           0%         N/A       99%         1
 Sandblast                Erth           0%         2d4       99%         1
 Passwall                 Tmut/Erth      0%         N/A       100%        2
 Sublimation of Blood     Necr           0%         N/A       100%        2
 Call Canine Familiar     Summ           0%         N/A       100%        3
 Inner Flame              Hex/Fire       0%         N/A       100%        3
 Ozocubu's Armour         Ice            0%         N/A       100%        3
 Portal Projectile        Hex/Tloc       0%         N/A       100%        3
 Stone Arrow              Conj/Erth      0%         3d7       100%        3
 Tukima's Dance           Hex            0%         N/A       100%        3
 Anguish                  Hex/Necr       0%         N/A       100%        4
 Cause Fear               Hex            0%         N/A       100%        4
 Leda's Liquefaction      Hex/Erth       0%         N/A       100%        4
 Passage of Golubria      Tloc           0%         N/A       100%        4
 Petrify                  Tmut/Erth      0%         N/A       100%        4
 Summon Ice Beast         Ice/Summ       0%         N/A       100%        4
 Alistair's Intoxication  Tmut/Pois      0%         N/A       100%        5
 Blade Hands              Tmut           0%         N/A       100%        5
 Irradiate                Conj/Tmut      0%         3d13      100%        5
 Metabolic Englaciation   Hex/Ice        0%         N/A       100%        5
 Silence                  Hex/Air        0%         N/A       100%        5
 Summon Mana Viper        Hex/Summ       0%         N/A       100%        5
 Simulacrum               Ice/Necr       0%         N/A       100%        6
 Dragon Form              Tmut           0%         N/A       100%        7
 Enfeeble                 Hex            0%         N/A       100%        7
 Monstrous Menagerie      Summ           0%         N/A       100%        7
 Discord                  Hex            0%         N/A       100%        8
 Lehudib's Crystal Spear  Conj/Erth      0%         10d2      100%        8


Dungeon Overview and Level Annotations

Branches:
Dungeon (10/15)            Temple (1/1) D:5             Orc (0/2) D:9
   Lair: D:8-11

Altars:
Ashenzari
Cheibriados
Fedhas
Gozag
Hepliaklqana
Nemelex Xobeh
Okawaru
Qazlal
Trog
Vehumet
Wu Jian
Xom
Yredelemnul
Zin
The Shining One

Shops:
D:9 (

Annotations:
D:3 2 transporters, jujuben's ghost, weakling KoDe
D:6 1 runed translucent door, Crazy Yiuf
D:10 Snorg


Innate Abilities, Weirdness & Mutations

You are completely covered in rugged brown scales. (AC +3, +7% HP)
You have supernaturally acute eyesight. (SInv)
Armour fits poorly on your strangely shaped body.
You can roll at nearby foes to attack.
You have a long armoured tail.
You curl defensively after being hit. (AC +7*)


Message History

You barely miss Snorg.
Snorg is moderately wounded.
You block Snorg's attack. x2; Snorg claws you but does no damage.
You sock Snorg!
Snorg is moderately wounded.
Snorg bites you. You block Snorg's attack. Snorg claws you but does no damage.
You hit Snorg.
Your tail-slap misses Snorg.
Snorg is moderately wounded.
You block Snorg's attack. x2; Snorg claws you but does no damage.
You sock Snorg!
Snorg is heavily wounded.
You block Snorg's attack. Snorg claws you. You block Snorg's attack.
You hit Snorg but do no damage.
Snorg is heavily wounded.
Snorg goes berserk!
You hit Snorg.
Snorg is heavily wounded.
You block Snorg's attack. Snorg claws you. You block Snorg's attack.
You barely miss Snorg. You tail-slap Snorg.
Snorg is heavily wounded.
You block Snorg's attack. Snorg claws you. Snorg claws you!
You hit Snorg.
Snorg is heavily wounded.
You block Snorg's attack. Snorg claws you! You block Snorg's attack.
You sock Snorg!
Snorg is heavily wounded.
Snorg bites you!! You block Snorg's attack. Snorg claws you but does no damage.
You block Snorg's attack. Snorg claws you!
* * * LOW HITPOINT WARNING * * *
Snorg claws you.
* * * LOW HITPOINT WARNING * * *
You can't see any enemies this would affect, really read the scroll of fear?
Okay, then.
You feel yourself speed up.
Snorg is struck by lightning.
Snorg bites you but does no damage. You block Snorg's attack.
Snorg claws you but does no damage. Snorg attacks as you move away!
Snorg bites you!
* * * LOW HITPOINT WARNING * * *
You block Snorg's attack. Snorg claws you.
You die...

######### ###
......... ..#
........##..#
............#
........§...#
#....○T°..#
##.....@...#
............#
............#
#####.......#
#..###..#
#..# #..#
#..# #..#
#..###..# ###
#.......#


You could see Snorg (berserk).

Vanquished Creatures
  5 two-headed ogres (D:9)
  A skeletal warrior (D:9)
  A troll (D:9)
  Grinder (D:4)
  A hornet (D:8)
  A wraith (D:9)
  Sigmund (D:3)
  7 yaks
  3 steam dragons
  2 acid dragons
  A water moccasin (D:9)
  A floating eye (D:9)
  An ice beast (D:6)
  8 orc warriors
  3 black bears
  3 centaurs (D:9)
  An ogre (D:5)
  2 phantoms
  Blork the orc (D:4)
  3 kobold brigands (D:9)
  4 bullfrogs
  3 gnoll sergeants
  3 scorpions
  A necrophage (D:6)
  2 water moccasin zombies (D:5)
  2 water moccasin skeletons (D:5)
  11 killer bees
  6 electric eels (D:9)
  5 howler monkeys
  4 bullfrog zombies (D:5)
  8 orc priests
  3 hounds
  A gnoll shaman (D:9)
  2 jellies
  Ijyb (D:3)
  An iguana (D:6)
  12 orc wizards
  A hound zombie (D:5)
  Robin (D:3)
  A howler monkey zombie (D:5)
  12 gnolls
  8 adders
  2 ufetubi
  5 worms
  18 orcs
  4 ball pythons (D:2)
  3 bats
  3 endoplasms
  3 giant cockroaches
  17 goblins
  9 hobgoblins
  11 jackals
  10 kobolds
  2 quokkas
  2 frilled lizards (D:1)
  4 rats
232 creatures vanquished.

Vanquished Creatures (others)
  A kobold (D:10)
  7 plants (D:9)
8 creatures vanquished.

Grand Total: 240 creatures vanquished

Notes
Turn   | Place    | Note
-------+----------+-------------------------------------------
     0 | D:1      | experimilk the Palentonga Fighter began the quest for the
                  | Orb.
     0 | D:1      | Reached XP level 1. HP: 19/19 MP: 1/1
   108 | D:1      | Found a faded altar of an unknown god.
   369 | D:1      | Reached XP level 2. HP: 22/25 MP: 2/2
   439 | D:1      | Reached skill level 3 in Maces & Flails
   952 | D:2      | Reached XP level 3. HP: 31/31 MP: 3/3
  1322 | D:2      | Reached skill level 4 in Maces & Flails
  1877 | D:3      | Found a stormy altar of Qazlal.
  1888 | D:3      | Noticed Sigmund
  1918 | D:2      | Reached XP level 4. HP: 23/37 MP: 4/4
  2298 | D:3      | Became a worshipper of Qazlal Stormbringer
  2340 | D:3      | You fall into a shaft and drop 2 floors!
  2340 | D:5      | Entered Level 5 of the Dungeon
  2349 | D:5      | Noticed an ogre
  2357 | D:5      | Noticed a phantom
  2362 | D:5      | Killed an ogre
  2363 | D:5      | Reached skill level 5 in Maces & Flails
  2363 | D:5      | Reached XP level 5. HP: 21/43 MP: 5/5
  2369 | D:5      | Killed a phantom
  2370 | D:5      | Reached skill level 6 in Maces & Flails
  2599 | D:5      | Reached XP level 6. HP: 44/50 MP: 6/6
  2612 | D:5      | Found a staircase to the Ecumenical Temple.
  2621 | Temple   | Entered the Ecumenical Temple
  3266 | D:5      | Reached skill level 7 in Maces & Flails
  3390 | D:4      | Gained mutation: You curl defensively after being hit. (AC
                  | +7*) [Palentonga growth]
  3390 | D:4      | Reached XP level 7. HP: 53/55 MP: 7/7
  3414 | D:3      | Found a transporter.
  3434 | D:3      | Noticed jujuben's ghost (weakling KoDe)
  3440 | D:3      | Found a transporter.
  3491 | D:3      | Killed Sigmund
  3492 | D:3      | Reached skill level 8 in Maces & Flails
  3975 | D:3      | Noticed Robin
  3983 | D:3      | Reached * piety under Qazlal
  3988 | D:3      | Killed Robin
  4608 | D:4      | Noticed Blork the orc
  4610 | D:4      | Reached skill level 9 in Maces & Flails
  4616 | D:4      | Noticed Ijyb
  4620 | D:4      | Killed Blork the orc
  4669 | D:3      | Killed Ijyb
  4905 | D:4      | Found a glowing golden altar of the Shining One.
  4963 | D:4      | Identified the ring "Ziecy" {rElec Will+ Str-5 Dex+3}
  4963 | D:4      | Noticed Grinder
  4980 | D:4      | Killed Grinder
  4981 | D:4      | Reached skill level 10 in Maces & Flails
  4981 | D:4      | Reached XP level 8. HP: 48/62 MP: 8/8
  5309 | D:5      | Reached ** piety under Qazlal
  5672 | D:6      | Reached skill level 11 in Maces & Flails
  6235 | D:6      | Found a radiant altar of Vehumet.
  6318 | D:6      | Found a blossoming altar of Fedhas.
  6389 | D:6      | Reached skill level 12 in Maces & Flails
  6389 | D:6      | Reached XP level 9. HP: 60/67 MP: 9/9
  6727 | D:6      | Found an opulent altar of Gozag.
  6924 | D:6      | Found a runed translucent door.
  6925 | D:6      | Noticed Crazy Yiuf
  7885 | D:8      | Reached skill level 1 in Invocations
  8014 | D:8      | Found a shimmering altar of Xom.
  8015 | D:8      | Found a hazy altar of Hepliaklqana.
  8016 | D:8      | Noticed a spectral ugly thing
  8453 | D:8      | Reached skill level 13 in Maces & Flails
  8490 | D:8      | Found a snail-covered altar of Cheibriados.
  9601 | D:8      | Noticed a centaur warrior
  9858 | D:9      | Noticed a troll
  9999 | D:9      | Identified the +8 dagger "Lifebane" {vorpal, Str+4}
 10000 | D:9      | Reached XP level 10. HP: 61/74 MP: 6/13
 10027 | D:9      | Noticed a two-headed ogre
 10032 | D:10     | Entered Level 10 of the Dungeon
 10040 | D:10     | Reached skill level 14 in Maces & Flails
 10265 | D:9      | Killed a two-headed ogre
 10266 | D:9      | Reached skill level 5 in Invocations
 10779 | D:9      | Found an iron altar of Okawaru.
 11014 | D:9      | Found a staircase to the Orcish Mines.
 11111 | D:9      | Noticed a two-headed ogre
 11114 | D:9      | Noticed a two-headed ogre
 11126 | D:9      | Killed a two-headed ogre
 11127 | D:9      | Killed a two-headed ogre
 11151 | D:9      | Noticed a two-headed ogre
 11157 | D:9      | Noticed a two-headed ogre
 11418 | D:9      | Found Beffouwi's Weapon Shoppe.
 11614 | D:9      | Noticed a skeletal warrior
 11642 | D:9      | Killed a skeletal warrior
 11643 | D:9      | Reached XP level 11. HP: 40/83 MP: 16/16
 12396 | D:9      | Identified the +0 chain mail of Sitirr {rF+}
 12621 | D:9      | Reached skill level 5 in Fighting
 12744 | D:9      | Killed a two-headed ogre
 13227 | D:9      | Killed a two-headed ogre
 14112 | D:10     | Noticed Snorg
 14129 | D:10     | HP: 1/86 [Snorg (8)]
 14129 | D:10     | Slain by Snorg

Illustrated notes

Levels and vault maps discovered:
D:1:      psy_arrival_radial01, layout_basic,
          hellmonk_ecumenical_altar_inner_sanctum, corner_web_ring
D:2:      layout_rooms, serial_bayou_pond_b
D:3:      layout_loops_ring, mainiacjoe_overflow_small_starburst,
          gammafunk_ghost_smash, uniq_robin, uniq_sigmund
D:4:      layout_gridville, tso_metal_star, minmay_puff, uniq_grinder,
          uniq_ijyb, uniq_blork_the_orc
D:5:      layout_cave_pools, minmay_temple_entry_large_hall, serial_undead,
          serial_undead_c, serial_undead_a, serial_undead_b, serial_undead_c
D:6:      layout_basic, grunt_gozag_statues, mainiacjoe_overflow_big_doors,
          uniq_crazy_yiuf_cottage
D:7:      layout_rooms
D:8:      layout_loops_corners, regret_index_temple_of_mockery,
          mainiacjoe_overflow_surrounded_room, lightli_corner_chamber
D:9:      cheibrodos_two_vegetables, layout_loops_ring, lemuel_round_altar,
          david_orc_4, serial_shops, nicolae_diamond_shop, onia_ninara_cookie
D:10:     layout_stronghold, hangedman_stone_soup, uniq_grum, uniq_snorg
Temple:   cyrus_circular_temple

Skill      XL: |  1  2  3  4  5  6  7  8  9 10 11 |
---------------+----------------------------------+-----
Maces & Flails | 3 4 5 6 7 10 12 13 14 | 14.0
Invocations    | 4 7 9 |  9.1
Armour         | 4 |  4.6
Shields        | 4 |  4.7
Fighting       | 4 5 |  5.6

Action                   |  1- 3 |  4- 6 |  7- 9 | 10-12 || total
-------------------------+-------+-------+-------+-------++-------
Melee: Flail             |    90 |    75 |   335 |   327 ||   827
       Tailslap          |    11 |    10 |    46 |    44 ||   111
Invok: Upheaval          |       |       |     5 |     6 ||    11
 Abil: Rolling Charge    |    22 |     7 |    56 |    42 ||   127
Evoke: Wand              |       |       |     5 |       ||     5
  Use: Potion            |       |     3 |     1 |     6 ||    10
       Scroll            |       |     4 |     1 |    11 ||    16
Armor: Scale mail        |    40 |    86 |    24 |       ||   150
       Ring mail         |       |       |    35 |       ||    35
       Plate armour      |       |       |   119 |    81 ||   200
       Chain mail        |       |       |       |    34 ||    34
Dodge: Dodged            |    44 |    68 |    84 |    32 ||   228
Block: Buckler           |    12 |    25 |   146 |       ||   183
       Kite shield       |       |       |     9 |   218 ||   227
       Reflection        |       |       |     2 |     2 ||     4

Table legend: (Time is in decaauts)
 A = Elapsed time spent in this place.
 B = Non-inter-level travel time spent in this place.
 C = Inter-level travel time spent in this place.
 D = Time resting spent in this place.
 E = Time spent auto-exploring this place.
 F = Levels seen in this place.
 G = Mean time per level.
                   A        B        C        D        E       F      G
               +--------+--------+--------+--------+--------+-----+--------+
         Total |  14155 |  13409 |    746 |   6018 |   3147 |  11 | 1286.8 |
       Dungeon |  13452 |  12706 |    746 |   5344 |   3147 |  10 | 1345.2 |
        Temple |    703 |    703 |      0 |    674 |      0 |   1 |  703.0 |
               +--------+--------+--------+--------+--------+-----+--------+

Top non-repeatable levels by time:
     D:9: 3504 daAuts
     D:8: 2544 daAuts
     D:3: 1501 daAuts
     D:2: 1354 daAuts
     D:6: 1157 daAuts
     D:5: 1024 daAuts
     D:1: 931 daAuts
  Temple: 703 daAuts
     D:4: 640 daAuts
     D:7: 523 daAuts
    D:10: 270 daAuts
